TOP OF THE 1ST |
Fremont Cyclones batting - Pitching for Weslaco Chiefs : RHP Jesús Sánchez
|
Pitching: RHP Jesús Sánchez
|
|
Batting: RHB Juan Estrada
|
0-0: Foul Ball, location: 2F 0-1: Swinging Strike 0-2: Foul Ball, location: 2F 0-2: Strikes out looking
|
Batting: LHB Ernesto Hernández
|
0-0: Swinging Strike 0-1: Ball 1-1: SOLO HOME RUN (Flyball, 9LD), Distance : 350 ft
|
Batting: RHB Ronald Smith
|
0-0: Called Strike 0-1: Swinging Strike 0-2: SINGLE (Popup, 4D)
|
Batting: LHB Clayton Bailey
|
0-0: Fly out, F8 (Flyball, 8LS)
|
Batting: RHB Jaime Delgado
|
0-0: Foul Ball, location: 2F 0-1: Fly out, F7 (Flyball, 7M)
|
Top of the 1st over - 1 run(s), 2 hit(s), 0 error(s), 1 left on base; Fremont 1 - Weslaco 0 |
BOTTOM OF THE 1ST |
Weslaco Chiefs batting - Pitching for Fremont Cyclones : RHP Larry Johnston
|
Pitching: RHP Larry Johnston
|
|
Batting: LHB Alberto Varela
|
0-0: Ball 1-0: Ground out 1-3 (Groundball, 23)
|
Batting: RHB António Martínez
|
0-0: Foul Ball, location: 2F 0-1: Foul Ball, location: 2F 0-2: Ball 1-2: Ground out 6-3 (Groundball, 6)
|
Batting: RHB Eric Thompson
|
0-0: Ball 1-0: Ball 2-0: Called Strike 2-1: Ground out 1-3 (Groundball, 13S)
|
Bottom of the 1st over - 0 run(s), 0 hit(s), 0 error(s), 0 left on base; Fremont 1 - Weslaco 0 |
TOP OF THE 2ND |
Fremont Cyclones batting - Pitching for Weslaco Chiefs : RHP Jesús Sánchez
|
Batting: RHB Pablo Pineda
|
0-0: Called Strike 0-1: Called Strike 0-2: DOUBLE (Groundball, 3L)
|
Batting: LHB Lou Goeble
|
0-0: Called Strike 0-1: Foul Ball, location: 2F 0-2: Ball 1-2: Strikes out looking
|
Batting: RHB Carlos Rosales
|
0-0: Foul Ball, location: 2F 0-1: Ball 1-1: Ball Wild Pitch! Pablo Pineda to third 2-1: Ball 3-1: SINGLE (Groundball, 56D) Pablo Pineda scores
|
Batting: SHB Jorge Quiñones
|
0-0: Fly out, F9 (Line Drive, 9M)
|
Batting: RHB Juan Estrada
|
0-0: Ground out 5-3 (Groundball, 5S)
|
Top of the 2nd over - 1 run(s), 2 hit(s), 0 error(s), 1 left on base; Fremont 2 - Weslaco 0 |
BOTTOM OF THE 2ND |
Weslaco Chiefs batting - Pitching for Fremont Cyclones : RHP Larry Johnston
|
Batting: LHB Jeff Forsyth
|
0-0: SINGLE (Line Drive, 9LS)
|
Batting: RHB Germán Romero
|
0-0: Called Strike 0-1: Ball 1-1: Ball 2-1: Foul Ball, location: 2F 2-2: Foul Ball, location: 2F 2-2: Grounds into double play, 6-4-3 (Groundball, 6)
|
Batting: RHB Jorge Longoria
|
0-0: Ball 1-0: Called Strike 1-1: Ball 2-1: Swinging Strike 2-2: SOLO HOME RUN (Flyball, 7D), Distance : 378 ft
|
Batting: LHB Ángelo Lara
|
0-0: Ball 1-0: Ball 2-0: Called Strike 2-1: Fly out, F5 (Popup, 56)
|
Bottom of the 2nd over - 1 run(s), 2 hit(s), 0 error(s), 0 left on base; Fremont 2 - Weslaco 1 |
TOP OF THE 3RD |
Fremont Cyclones batting - Pitching for Weslaco Chiefs : RHP Jesús Sánchez
|
Batting: LHB Ernesto Hernández
|
0-0: Ball 1-0: Called Strike 1-1: Foul Ball, location: 2F 1-2: Ground out 1-3 (Groundball, 25)
|
Batting: RHB Ronald Smith
|
0-0: SINGLE (Line Drive, 78S)
|
Batting: LHB Clayton Bailey
|
0-0: Ball 1-0: Fly out, F8 (Flyball, 8RM)
|
Batting: RHB Jaime Delgado
|
0-0: Called Strike 0-1: Called Strike 0-2: Fly out, F9 (Flyball, 89M)
|
Top of the 3rd over - 0 run(s), 1 hit(s), 0 error(s), 1 left on base; Fremont 2 - Weslaco 1 |
BOTTOM OF THE 3RD |
Weslaco Chiefs batting - Pitching for Fremont Cyclones : RHP Larry Johnston
|
Batting: LHB Ralph Cobb
|
0-0: Ball 1-0: Foul Ball, location: 2F 1-1: Called Strike 1-2: Ground out 1-3 (Groundball, 15S)
|
Batting: RHB Ron Newcombe
|
0-0: Called Strike 0-1: DOUBLE (Flyball, 7LM)
|
Batting: LHB Alberto Varela
|
0-0: Ball 1-0: Ball 2-0: Foul Ball, location: 2F 2-1: Fly out, F9 (Flyball, 89M)
|
Batting: RHB António Martínez
|
0-0: Foul Ball, location: 2F 0-1: Foul Ball, location: 2F 0-2: Foul Ball, location: 2F 0-2: Ball 1-2: Strikes out swinging
|
Bottom of the 3rd over - 0 run(s), 1 hit(s), 0 error(s), 1 left on base; Fremont 2 - Weslaco 1 |
TOP OF THE 4TH |
Fremont Cyclones batting - Pitching for Weslaco Chiefs : RHP Jesús Sánchez
|
Batting: RHB Pablo Pineda
|
0-0: Called Strike 0-1: Ball 1-1: Ball 2-1: SOLO HOME RUN (Flyball, 7LD), Distance : 365 ft
|
Batting: LHB Lou Goeble
|
0-0: Called Strike 0-1: Ball 1-1: Swinging Strike 1-2: Strikes out swinging
|
Batting: RHB Carlos Rosales
|
0-0: Ball 1-0: Foul Ball, location: 2F 1-1: Ball 2-1: Foul Ball, location: 2F 2-2: Ball 3-2: Foul Ball, location: 2F 3-2: Fly out, F7 (Line Drive, 7M)
|
Batting: SHB Jorge Quiñones
|
0-0: Called Strike 0-1: Ball 1-1: Ground out 4-3 (Groundball, 4)
|
Top of the 4th over - 1 run(s), 1 hit(s), 0 error(s), 0 left on base; Fremont 3 - Weslaco 1 |
BOTTOM OF THE 4TH |
Weslaco Chiefs batting - Pitching for Fremont Cyclones : RHP Larry Johnston
|
Batting: RHB Eric Thompson
|
0-0: Foul Ball, location: 2F 0-1: Fly out, F7 (Flyball, 78M)
|
Batting: LHB Jeff Forsyth
|
0-0: Ball 1-0: SINGLE (Flyball, 8LS)
|
Batting: RHB Germán Romero
|
0-0: Swinging Strike 0-1: Swinging Strike 0-2: Ball 1-2: Ball 2-2: Strikes out swinging
|
Batting: RHB Jorge Longoria
|
0-0: Foul Ball, location: 2F 0-1: Ball 1-1: Ball 2-1: Ball 3-1: Foul Ball, location: 2F 3-2: Fly out, F4 (Popup, 6MD)
|
Bottom of the 4th over - 0 run(s), 1 hit(s), 0 error(s), 1 left on base; Fremont 3 - Weslaco 1 |
TOP OF THE 5TH |
Fremont Cyclones batting - Pitching for Weslaco Chiefs : RHP Jesús Sánchez
|
Batting: RHB Juan Estrada
|
0-0: Called Strike 0-1: Swinging Strike 0-2: Ball 1-2: Foul Ball, location: 2F 1-2: Foul Ball, location: 2F 1-2: Strikes out swinging
|
Batting: LHB Ernesto Hernández
|
0-0: Ball 1-0: Foul Ball, location: 2F 1-1: Called Strike 1-2: Ball 2-2: Strikes out looking
|
Batting: RHB Ronald Smith
|
0-0: Foul Ball, location: 2F 0-1: Ball 1-1: Ground out 4-3 (Groundball, 4M)
|
Top of the 5th over - 0 run(s), 0 hit(s), 0 error(s), 0 left on base; Fremont 3 - Weslaco 1 |
BOTTOM OF THE 5TH |
Weslaco Chiefs batting - Pitching for Fremont Cyclones : RHP Larry Johnston
|
Batting: LHB Ángelo Lara
|
0-0: Ground out 5-3 (Groundball, 56)
|
Batting: LHB Ralph Cobb
|
0-0: Fly out, F7 (Flyball, 7S)
|
Batting: RHB Ron Newcombe
|
0-0: SINGLE (Groundball, 6MD) (infield hit)
|
Batting: LHB Alberto Varela
|
0-0: Ball 1-0: Foul Ball, location: 2F 1-1: Foul Ball, location: 2F 1-2: Foul Ball, location: 2F 1-2: Ground out U3 (Groundball, 3S)
|
Bottom of the 5th over - 0 run(s), 1 hit(s), 0 error(s), 1 left on base; Fremont 3 - Weslaco 1 |
TOP OF THE 6TH |
Fremont Cyclones batting - Pitching for Weslaco Chiefs : RHP Jesús Sánchez
|
Batting: LHB Clayton Bailey
|
0-0: Called Strike 0-1: Foul Ball, location: 2F 0-2: Fly out, F9 (Flyball, 89M)
|
Batting: RHB Jaime Delgado
|
0-0: Ball 1-0: Foul Ball, location: 2F 1-1: Ball 2-1: Ball 3-1: Foul Ball, location: 2F 3-2: Ground out 4-3 (Groundball, 13)
|
Batting: RHB Pablo Pineda
|
0-0: Ball 1-0: Called Strike 1-1: Ball 2-1: Reached on error, E4 (Groundball, 34)
|
Pitching: LHP William Bazley
|
|
Batting: LHB Lou Goeble
|
0-0: Called Strike 0-1: Ball 1-1: Foul Ball, location: 2F 1-2: Ball 2-2: Foul Ball, location: 2F 2-2: Strikes out swinging
|
Top of the 6th over - 0 run(s), 0 hit(s), 1 error(s), 1 left on base; Fremont 3 - Weslaco 1 |
BOTTOM OF THE 6TH |
Weslaco Chiefs batting - Pitching for Fremont Cyclones : RHP Larry Johnston
|
Batting: RHB António Martínez
|
0-0: Ball 1-0: Foul Ball, location: 2F 1-1: Ball 2-1: Foul Ball, location: 2F 2-2: Ball 3-2: Fly out, F6 (Popup, 6M)
|
Batting: RHB Eric Thompson
|
0-0: Called Strike 0-1: Ball 1-1: Ground out 6-3 (Groundball, 6)
|
Batting: LHB Jeff Forsyth
|
0-0: Ball 1-0: Fly out, F4 (Popup, 34D)
|
Bottom of the 6th over - 0 run(s), 0 hit(s), 0 error(s), 0 left on base; Fremont 3 - Weslaco 1 |
TOP OF THE 7TH |
Fremont Cyclones batting - Pitching for Weslaco Chiefs : LHP William Bazley
|
Pitching: RHP Nicholas Becker
|
|
Batting: RHB Carlos Rosales
|
0-0: Ball 1-0: Foul Ball, location: 2F 1-1: Swinging Strike 1-2: Strikes out swinging
|
Batting: SHB Jorge Quiñones
|
0-0: Fly out, F8 (Flyball, 8RM)
|
Batting: RHB Juan Estrada
|
0-0: Ball 1-0: Ball 2-0: Ball 3-0: Base on Balls
|
Batting: LHB Ernesto Hernández
|
0-0: Ball 1-0: Fly out, F8 (Popup, 8RS)
|
Top of the 7th over - 0 run(s), 0 hit(s), 0 error(s), 1 left on base; Fremont 3 - Weslaco 1 |
BOTTOM OF THE 7TH |
Weslaco Chiefs batting - Pitching for Fremont Cyclones : RHP Larry Johnston
|
Batting: RHB Germán Romero
|
0-0: Called Strike 0-1: Called Strike 0-2: Foul Ball, location: 2F 0-2: Strikes out looking
|
Batting: RHB Jorge Longoria
|
0-0: Called Strike 0-1: Called Strike 0-2: Ball 1-2: Foul Ball, location: 2F 1-2: Ground out 1-3 (Groundball, 13S)
|
Batting: LHB Ángelo Lara
|
0-0: Ball 1-0: TRIPLE (Line Drive, 9LM)
|
Pitching: RHP José Estrada
|
|
Batting: LHB Ralph Cobb
|
0-0: Ball 1-0: Ball 2-0: Ball 3-0: Called Strike 3-1: Called Strike 3-2: Foul Ball, location: 2F 3-2: Base on Balls
|
Pinch Hitting: LHB Javier Mejía
|
0-0: Fly out, F7 (Flyball, 7LM)
|
Bottom of the 7th over - 0 run(s), 1 hit(s), 0 error(s), 2 left on base; Fremont 3 - Weslaco 1 |
TOP OF THE 8TH |
Fremont Cyclones batting - Pitching for Weslaco Chiefs : RHP Nicholas Becker
|
Now at 2B: Bartolo Chono
|
|
Batting: RHB Ronald Smith
|
0-0: Swinging Strike 0-1: Swinging Strike 0-2: Strikes out swinging
|
Batting: LHB Clayton Bailey
|
0-0: Ball 1-0: Ball 2-0: Called Strike 2-1: Ball 3-1: Foul Ball, location: 2F 3-2: Fly out, F7 (Flyball, 78M)
|
Batting: RHB Jaime Delgado
|
0-0: Foul Ball, location: 2F 0-1: Foul Ball, location: 2F 0-2: Ball 1-2: Ball 2-2: Ball 3-2: Strikes out swinging
|
Top of the 8th over - 0 run(s), 0 hit(s), 0 error(s), 0 left on base; Fremont 3 - Weslaco 1 |
BOTTOM OF THE 8TH |
Weslaco Chiefs batting - Pitching for Fremont Cyclones : RHP José Estrada
|
Now at 1B: Nelson Burton
|
|
Batting: LHB Alberto Varela
|
0-0: Called Strike 0-1: Called Strike 0-2: Ball 1-2: Ball 2-2: Ball 3-2: Ground out 4-3 (Groundball, 34)
|
Batting: RHB António Martínez
|
0-0: Foul Ball, location: 2F 0-1: Ball 1-1: Foul Ball, location: 2F 1-2: Strikes out swinging
|
Batting: RHB Eric Thompson
|
0-0: Called Strike 0-1: Ball 1-1: Fly out, F9 (Flyball, 89S)
|
Bottom of the 8th over - 0 run(s), 0 hit(s), 0 error(s), 0 left on base; Fremont 3 - Weslaco 1 |
TOP OF THE 9TH |
Fremont Cyclones batting - Pitching for Weslaco Chiefs : RHP Nicholas Becker
|
Batting: RHB Pablo Pineda
|
0-0: Ball 1-0: Ball 2-0: Foul Ball, location: 2F 2-1: Fly out, F4 (Popup, 3DF)
|
Batting: LHB Lou Goeble
|
0-0: Swinging Strike 0-1: Ball 1-1: Swinging Strike 1-2: Ball 2-2: Foul Ball, location: 2F 2-2: Ball 3-2: Foul Ball, location: 2F 3-2: Strikes out swinging
|
Batting: RHB Carlos Rosales
|
0-0: Ball 1-0: Swinging Strike 1-1: Ball 2-1: Ball 3-1: Fly out, F8 (Line Drive, 8LS)
|
Top of the 9th over - 0 run(s), 0 hit(s), 0 error(s), 0 left on base; Fremont 3 - Weslaco 1 |
BOTTOM OF THE 9TH |
Weslaco Chiefs batting - Pitching for Fremont Cyclones : RHP José Estrada
|
Pitching: LHP António Rodríguez
|
|
Batting: LHB Jeff Forsyth
|
0-0: Ball 1-0: DOUBLE (Line Drive, 8LXD)
|
Batting: RHB Germán Romero
|
0-0: Ball 1-0: Foul Ball, location: 2F 1-1: Ball 2-1: Ball 3-1: Base on Balls
|
Batting: RHB Jorge Longoria
|
0-0: Ball 1-0: Foul Ball, location: 2F 1-1: Foul Ball, location: 2F 1-2: Strikes out swinging
|
Pinch Hitting: RHB Rob Byrd
|
0-0: Called Strike 0-1: SINGLE (Line Drive, 4M) Jeff Forsyth to third Germán Romero to second Runner from 3rd tries for Home, SAFE, throw made home Germán Romero to third Rob Byrd to second
|
Batting: LHB Ralph Cobb
|
0-0: Ball 1-0: Ball 2-0: Ball 3-0: Base on Balls
|
Pinch Hitting: RHB Toshiki Kokawa
|
0-0: Called Strike 0-1: Foul Ball, location: 2F 0-2: Ball 1-2: Ball 2-2: Strikes out swinging
|
Pinch Hitting: RHB Carlos Miranda
|
0-0: Foul Ball, location: 2F 0-1: Swinging Strike 0-2: Ball 1-2: Strikes out swinging
|
Bottom of the 9th over - 1 run(s), 2 hit(s), 0 error(s), 3 left on base; Fremont 3 - Weslaco 2 |
|